 Dungeon Crawl Stone Soup version 0.29-a0-409-gd843f3a48c (webtiles) character file.

Game seed: 722199466139764915

4 eazynow the Chopper (level 1, -7/18 HPs)
             Began as a Minotaur Gladiator on May 14, 2022.
             Mangled by a gnoll
             ... wielding a +0 spear
              (9 damage)
             ... on level 1 of the Dungeon.
             The game lasted 00:03:21 (172 turns).

eazynow the Chopper (Minotaur Gladiator)             Turns: 172, Time: 00:03:22

Health: -7/18      AC:  3    Str: 18    XL:     1   Next: 58%
Magic:  0/0        EV: 12    Int:  5    God:
Gold:   0          SH:  0    Dex: 11    Spells: 0/0 levels left

rFire   . . .      SeeInvis .   a - +0 war axe
rCold   . . .      Faith    .   (no shield)
rNeg    . . .      Spirit   .   b - +0 leather armour
rPois   .          Reflect  .   c - +0 hat
rElec   .          Harm     .   (no cloak)
rCorr   .          Rampage  .   (no gloves)
Will    .....                   (no boots)
Stlth   +.........              (no amulet)
HPRegen 0.06/turn               (no ring)
MPRegen 0.07/turn               (no ring)

@: no status effects
A: horns 2, retaliatory headbutt
a: no special abilities


You were on level 1 of the Dungeon.
You visited 1 branch of the dungeon, and saw 1 of its levels.

Inventory:

Hand Weapons
 a - a +0 war axe (weapon)
 g - a +0 dagger
 j - a +0 short sword
Missiles
 d - 3 throwing nets (quivered)
 e - a javelin
 f - 12 stones
Armour
 b - a +0 leather armour (worn)
 c - a +0 hat (worn)
Potions
 i - a potion of mutation {unknown}


   Skills:
 + Level 2.5 Fighting
 + Level 3.8 Axes
 + Level 2.0 Throwing
 + Level 3.4 Dodging


You couldn't memorise any spells.
You didn't know any spells.
Your spell library was empty.

Dungeon Overview and Level Annotations

Branches:
Dungeon (1/15)

Altars:


Innate Abilities, Weirdness & Mutations

You have a pair of horns on your head.
You reflexively headbutt those who attack you in melee.


Message History

A ball python comes into view.
The ball python hisses angrily.
You hit the ball python.
You kill the ball python!
You open the door.
There is an open door here.
Found 2 scrolls labelled BUQAKYURCHUA and 2 scrolls labelled NER BUSKEK.
Found a glowing hand axe.
A kobold comes into view. It is wielding a +0 short sword.
The kobold shouts!
You hear a shout!
A gnoll comes into view. It is wielding a +0 spear.
The kobold barely misses you.
You closely miss the kobold. The kobold closely misses you.
You furiously retaliate!
You headbutt the kobold, but do no damage.
You barely miss the kobold. You headbutt the kobold.
The kobold is moderately wounded.
The gnoll hits the plant with a +0 spear.
The plant begins to die.
The kobold closely misses you.
The gnoll hits the plant with a +0 spear!
The plant begins to die.
The kobold misses you.
You slash the kobold!
You kill the kobold!
The gnoll hits the plant with a +0 spear!
The gnoll closely misses you.
You see here a +0 short sword.
The gnoll hits you but does no damage.
A nearby plant withers and dies. x2
The gnoll hits you from afar with a +0 spear!
You see here a +0 short sword.
j - a +0 short sword The gnoll hits you from afar with a +0 spear.
The gnoll hits you from afar with a +0 spear.
* * * LOW HITPOINT WARNING * * *
It was a potion of curing.
You feel better.
The gnoll hits you from afar with a +0 spear.
* * * LOW HITPOINT WARNING * * *
The gnoll hits you with a +0 spear!
Ouch! That really hurt!
You die...

##.......###
#..PP......#
#.PPP..PP..
##...P.....#
#...P.P).P.###..
+..P?P...?.....
#..PP.gPP..#
#.....P@...#
###.......##
##...######
#.........#
#.#.#####.# ###
### #.#.#####.#
##.####.##
#.#.#......
#'#.##...###.....#
#.##'.....##.....#


You could see a gnoll.

Vanquished Creatures
  An endoplasm (D:1)
  2 ball pythons (D:1)
  2 kobolds (D:1)
5 creatures vanquished.

Vanquished Creatures (others)
  2 plants (D:1)
2 creatures vanquished.

Grand Total: 7 creatures vanquished

Notes
Turn   | Place    | Note
-------+----------+-------------------------------------------
     0 | D:1      | eazynow the Minotaur Gladiator began the quest for the Orb.
     0 | D:1      | Reached XP level 1. HP: 18/18 MP: 0/0
   172 | D:1      | Mangled by a gnoll

Illustrated notes

Levels and vault maps discovered:
D:1:      dpeg_arrival_rhombi, layout_loops_corners,
          shapermc_ecumenical_altar_pompeii, minmay_misc_feat_square,
          corexii_hall_statues_s, nicolae_grassy_gnolls

Action                   || total
-------------------------++-------
Melee: War axe           ||     8
       Headbutt          ||     3
Throw: Throwing net      ||     1
  Use: Potion            ||     1
Armor: Leather armour    ||     1
Dodge: Dodged            ||     7

Table legend: (Time is in decaauts)
 A = Elapsed time spent in this place.
 B = Non-inter-level travel time spent in this place.
 C = Inter-level travel time spent in this place.
 D = Time resting spent in this place.
 E = Time spent auto-exploring this place.
 F = Levels seen in this place.
 G = Mean time per level.
                   A        B        C        D        E       F      G
               +--------+--------+--------+--------+--------+-----+--------+
         Total |    174 |     45 |    129 |      0 |      0 |   1 |  174.0 |
       Dungeon |    174 |     45 |    129 |      0 |      0 |   1 |  174.0 |
               +--------+--------+--------+--------+--------+-----+--------+

Top non-repeatable levels by time:
     D:1: 174 daAuts
